 Dungeon Crawl Stone Soup version 0.18-a0-900-gbbf5c82 (webtiles) character file.

66 dysrexia the Sneak (level 3, -5/32 HPs)
             Began as a Deep Dwarf Wanderer on Dec 24, 2015.
             Slain by Menkaure (10 damage)
             ... on level 4 of the Dungeon.
             The game lasted 00:05:30 (909 turns).

dysrexia the Sneak (Deep Dwarf Wanderer)             Turns: 909, Time: 00:05:31

Health: -5/32      AC:  9    Str: 16    XL:     3   Next: 96%
Magic:  4/4        EV:  6    Int: 10    God:
Gold:   72         SH:  0    Dex: 14    Spells: 0 memorised, 2 levels left

rFire  . . .     SeeInvis .     u - +0 war axe
rCold  . . .     Gourm    .     q - +0 chain mail
rNeg   . . .     Faith    .     (no shield)
rPois  .         Spirit   .     (no helmet)
rElec  .         Dismiss  .     (no cloak)
rCorr  .         Reflect  .     j - +0 pair of gloves
SustAt .         Harm     .     (no boots)
MR     .....                    (no amulet)
Stlth  ..........               (no ring)
                                (no ring)

@: non-regenerating, not resistant to hostile enchantments, extremely unstealthy
A: damage resistance, recharge devices, sense surroundings 1, slow regeneration
3
a: Device Recharging


You were on level 4 of the Dungeon.
You were not hungry.

You visited 1 branch of the dungeon, and saw 4 of its levels.

You collected 72 gold pieces.

Inventory:

Hand Weapons
 a - a +2 dagger
 c - a +0 hand axe
 u - a +0 war axe (weapon)
 w - a +0 spear
Missiles
 m - 37 stones (quivered)
Armour
 e - a +0 robe
 j - a +0 pair of gloves (worn)
 p - a +0 plate armour
 q - a +0 chain mail (worn)
Wands
 f - a wand of heal wounds (3/9)
Scrolls
 k - 2 scrolls of magic mapping {unknown}
 l - a scroll of fear {unknown}
 o - 8 scrolls of identify {unknown}
 r - a scroll of recharging {unknown}
 v - 2 scrolls of enchant armour {unknown}
Potions
 b - a potion of berserk rage
 d - a potion of lignification
 h - 2 potions of curing {unknown}
 n - a potion of magic {unknown}
 t - a potion of brilliance {unknown}
Comestibles
 g - a bread ration
 s - 2 meat rations
 x - a royal jelly


   Skills:
 - Level 1.7 Fighting
 * Level 4.7 Axes
 - Level 4.8 Stealth
 - Level 1.0 Unarmed Combat
 - Level 1.3 Evocations


You had 2 spell levels left.
You didn't know any spells.

Dungeon Overview and Level Annotations

Branches:
Dungeon (4/15)
 Temple: D:4-7

Altars:

Annotations:
D:4 Menkaure


Innate Abilities, Weirdness & Mutations

You are resistant to damage.
You can recharge devices by infusing magical energy.
You passively map a small area around you.
You do not regenerate naturally.


Message History

Menkaure is lightly damaged.
Menkaure hits you!
* * * LOW HITPOINT WARNING * * *
You hit Menkaure.
Menkaure is lightly damaged.
Menkaure's bandages flutter.
Menkaure hits you.
You hit Menkaure.
Menkaure is moderately damaged.
Menkaure calls on the powers of darkness!
Your body is wracked with pain!
* * * LOW HITPOINT WARNING * * *
Your chain mail prevents you from hitting Menkaure.
Menkaure is moderately damaged.
Menkaure hits you.
* * * LOW HITPOINT WARNING * * *
You slash Menkaure!
Menkaure is severely damaged.
Menkaure hits you!
You die...

* #,#.#*#.#.. ,
#.#.#.....#,
#.###.#.#.....# *
#.............# *
#, * #.#.....* ..
, #.#...., * ... #
#.##..# # *
##..#.#M##..# .#.
......#@##..##....
,
..................
*
.#..###.##.>##....
, #..###)##..#
*,*.,* *
#..........###.# *
,
...>.$..#........
*
.##.........#####*
*#..#####.##
*,*#.. #..# ,


You could see Menkaure.

Vanquished Creatures
  2 adders
  A worm (D:4)
  3 giant geckos
  7 orcs
  3 bats
  2 hobgoblins
  6 kobolds
  A ball python (D:3)
  3 giant cockroaches
  5 giant newts
  A goblin (D:1)
  6 rats
40 creatures vanquished.

Notes
Turn   | Place    | Note
--------------------------------------------------------------
     0 | D:1      | dysrexia the Deep Dwarf Wanderer began the quest for the Orb.
     0 | D:1      | dysrexia set off with: a +2 dagger, a potion of berserk rage, a +0 hand axe, a potion of lignification, a +0 robe, a wand of heal wounds (5/9), a bread ration
     0 | D:1      | Reached XP level 1. HP: 19/19 MP: 2/2
   199 | D:1      | Reached XP level 2. HP: 13/26 MP: 3/3
   522 | D:3      | Reached XP level 3. HP: 27/32 MP: 4/4
   894 | D:4      | Noticed Menkaure
   909 | D:4      | Slain by Menkaure

Vault maps used:
D:1:      minmay_arrival_doors, hangedman_decor_opposing
D:2:      first_bread
D:3:      kennysheep_big_flooded_room, serial_bayou_ford_a
D:4:      nicolae_overflow_crystal_walls, minmay_temple_entry_statues_pillars,
          nicolae_ossuary_entry_catacombs, uniq_pikel, uniq_menkaure

Action                   || total
-------------------------++-------
Melee: Hand axe          ||    81
       War axe           ||    42
Evoke: Wand              ||     2
 Stab: Sleeping          ||     2
